[Event "Early-Titled-Tuesday-Blitz-April-02-2024"]
[Site "Chess.com"]
[Date "2024.04.02"]
[Round "1"]
[White "Laico"]
[Black "LikeWater"]
[Result "1-0"]
[WhiteElo "2394"]
[BlackElo "2660"]
[TimeControl "180+1"]
[EndTime "8:08:32 PDT"]
[Termination "Laico won by resignation"]

1. e4 Nf6 2. e5 Nd5 3. c4 Nb6 4.
d4 d6 5. exd6 exd6 6. Bd3 Be7 7.
Nc3 Nc6 8. Nge2 O-O 9. O-O Nb4 10.
Bb1 Re8 11. d5 Bf6 12. a3 Na6 13. b4 Bg4 14. f3 Bh5 15. Nd4 Bg6 16. Bxg6 hxg6 17.
Qd3 Be5 18. Ne4 Qd7 19. f4 Bxd4+ 20. Qxd4 Qf5 21. Bb2 f6 22. Rae1 Qd7 23. Re3 Qf7 24. Rfe1 Na4 25. Ba1 Kf8 26. Qd1 Nb6 27. Qe2 Rad8 28.
Bd4 Nd7 29. h4 Nab8 30. g4 a6 31. f5 b5 32. fxg6 Qxg6 33. h5 Qf7 34. g5 f5 35. Rf1 Kg8 36. Ng3 Rxe3 37. Qxe3 Re8 38. Qd3 bxc4 39. Qxc4 Nb6 40. Bxb6 cxb6 41. Rxf5 Qe7 42.
Qf1 Nd7 43. Qf4 Qe1+ 44. Kg2 Ne5 45. h6 Ng6 46. h7+ Kxh7 47. Qg4 Qe7 48. Qh5+ Kg8 49. Qxg6 Rf8 50. Rxf8+ Kxf8 51. Qf5+ Kg8 52. Qe6+ Kf8 53. Qxe7+ Kxe7 54. Nf5+ Kd7 55. Nxg7 Ke7 56. Ne6 a5 57. bxa5 bxa5 58. Kf3 Kf7 59. Ke4 Kg6 60. Kf4 1-0

[Event "Early-Titled-Tuesday-Blitz-April-02-2024"]
[Site "Chess.com"]
[Date "2024.04.02"]
[Round "1"]
[White "Suduvasachmatai"]
[Black "karinachess1"]
[Result "1/2-1/2"]
[WhiteElo "2267"]
[BlackElo "2598"]
[TimeControl "180+1"]
[EndTime "8:08:32 PDT"]
[Termination "Game drawn by repetition"]

1. e4 e5 2. Nf3 Nc6 3. Nc3 Nf6 4. d4 exd4 5. Nxd4 Bb4 6. Nxc6 bxc6 7. Bd3 O-O 8. O-O d5 9. exd5 cxd5 10. Bg5 c6 11.
Qf3 Rb8 12. Rad1 Bd6 13. b3 h6 14. Bxf6 Qxf6 15. Qxf6 gxf6 16. Ne2 Bd7 17. Ng3 Rfe8 18. Bf5 Be6 19. Bxe6 fxe6 20. f4 f5 21. Nh5 Kf7 22.
c4 a5 23. Kf2 a4 24. Rd3 Kg6 25. Ng3 Bxf4 26. Ne2 Bd6 27. Nd4 Bc5 28. Ke2 Bxd4 29. Rxd4 axb3 30. axb3 Rxb3 31. Rf3 Rxf3 32. gxf3 Ra8 33.
cxd5 cxd5 34. Ke3 Ra2 35. h4 Kf6 36. Rb4 Ra3+ 37. Kf4 e5+ 38. Kg3 Ra6 39. Rb8 Rd6 40. Rf8+ Kg7 41. Rxf5 Re6 42. f4 exf4+ 43. Kxf4 Re4+ 44.
Kf3 Rd4 45. h5 Rd1 46. Ke2 Rd4 47. Ke3 Re4+ 48. Kd3 Rg4 49. Rxd5 Rg5 50. Rxg5+ hxg5 51. Ke4 Kh6 52. Kf3 Kxh5 53. Kg3 g4 54. Kg2 Kh4 55.
Kh2 g3+ 56. Kg2 Kg4 57. Kg1 Kf4 58. Kg2 Kg4 59. Kg1 Kg5 60. Kg2 Kh4 61. Kg1 Kh3 62.
Kh1 Kg4 63. Kg2 Kf4 64. Kg1 Kf3 65. Kf1 Ke3 66. Kg2 Kf4 67. Kg1 Kf3 68. Kf1 Kg4 69.
Kg2 Kh4 70. Kg1 Kh3 71. Kh1 Kg4 72. Kg2 1/2-1/2

[Event "Early-Titled-Tuesday-Blitz-April-02-2024"]
[Site "Chess.com"]
[Date "2024.04.02"]
[Round "1"]
[White "NewBornNow"]
[Black "SultaiC"]
[Result "0-1"]
[WhiteElo "2817"]
[BlackElo "2508"]
[TimeControl "180+1"]
[EndTime "8:08:33 PDT"]
[Termination "SultaiC won on time"]

1. e4 c5 2. Nf3 d6 3. d4 cxd4 4. Nxd4 Nf6 5. Nc3 a6 6. Be3 e5 7. Nf3 Be7 8. Bc4 O-O 9. O-O Be6 10. Bxe6 fxe6 11. Ng5 Qd7 12. f4 h6 13. Nh3 Nc6 14. f5 Rad8 15. Bb6 Rc8 16. Qe2 Nd4 17. Qd3 Qc6 18.
Bxd4 exd4 19. Ne2 e5 20. c3 Qxe4 21. Qxe4 Nxe4 22. cxd4 Rc2 23. Nc3 Nxc3 24. bxc3 e4 25. g4 Rxc3 26. Nf4 Bf6 27. Rad1 Rc2 28. Rfe1 Re8 29. d5 Re5 30. Rc1 Rxc1 31. Rxc1 Bg5 32. Rc8+ Kf7 33. Ng6 Re8 34. Rc7+ Kf6 35. Kf1 Be3 36.
Rxb7 Bc5 37. Ke2 e3 38. Nf4 Re4 39. Nh5+ Kg5 40. Rxg7+ Kh4 41. f6 Ra4 42. f7 Rxa2+ 43. Kd3 Rf2 44. Ng3 Rf6 45. Nf5+ Kh3 46. Nxe3 Bxe3 47.
Kxe3 a5 48. Rg6 Rxf7 49. Rxh6+ Kxg4 50. Rxd6 Kf5 51. Kd4 Ra7 52. Rc6 a4 53. Rc2 a3 54.
Ra2 Kf6 55. Kc5 Ke7 56. Kb6 Ra4 57. Kc6 Rc4+ 58. Kb5 Rd4 59. Kc5 Ra4 60. h4 Kf6 61. h5 Ra5+ 0-1

[Event "Early-Titled-Tuesday-Blitz-April-02-2024"]
[Site "Chess.com"]
[Date "2024.04.02"]
[Round "1"]
[White "Yeritsyaan"]
[Black "Knightmare1014"]
[Result "1-0"]
[WhiteElo "2653"]
[BlackElo "2346"]
[TimeControl "180+1"]
[EndTime "8:08:35 PDT"]
[Termination "Yeritsyaan won by checkmate"]

1. Nf3 d5 2. g3 Nf6 3. Bg2 c6 4. O-O Bf5 5. b3 e6 6. Bb2 Be7 7. d3 O-O 8. Nbd2 h6 9. Qe1 Nbd7 10. e4 Bh7 11. Qe2 a5 12. a4 Qc7 13. Rfe1 Rfe8 14.
e5 Nh5 15. Nd4 g6 16. f4 Ng7 17. Kh1 Bf8 18. Ba3 Bxa3 19. Rxa3 Qd8 20. N2f3 g5 21.
Qd2 g4 22. Nh4 Nf8 23. Raa1 Ng6 24. Nxg6 Bxg6 25. c3 Nf5 26. Nxf5 Bxf5 27. Qe3 Kg7 28. d4 h5 29. c4 Rh8 30. Kg1 h4 31. cxd5 cxd5 32. Rac1 h3 33. Bf1 Be4 34. Be2 Bf5 35.
Rc5 b6 36. Rc6 Rc8 37. Rec1 Rxc6 38. Rxc6 Qe7 39. Qc3 Qa3 40. Kf2 Qa2 41. Rc7 Be4 42. f5 Bxf5 43. Qe3 Kg6 44. Kg1 Qb1+ 45. Rc1 Qe4 46. Qxe4 Bxe4 47. Kf2 f6 48. exf6 Kxf6 49. Ke3 Ke7 50. Rc6 Rf8 51. Bxg4 Bg2 52. Rxe6+ Kd8 53. Rxb6 Rf1 54. Rh6 Rh1 55. Bxh3 Rxh2 56. Rh8+ Ke7 57. Rh7+ Kf6 58. Bf5 Rxh7 59. Bxh7 Be4 60. Bxe4 dxe4 61.
Kxe4 Kg5 62. d5 Kg4 63. d6 Kxg3 64. d7 Kf2 65. d8=Q Ke2 66. Qxa5 Kd1 67. Qc5 Kd2 68.
a5 Ke2 69. b4 Kf1 70. a6 Kg2 71. b5 Kh2 72. a7 Kg2 73. a8=Q Kg3 74. b6 Kh3 75. b7 Kh2 76. b8=Q+ Kg2 77. Qg8+ Kh2 78.
Qh5# 1-0

[Event "Early-Titled-Tuesday-Blitz-April-02-2024"]
[Site "Chess.com"]
[Date "2024.04.02"]
[Round "1"]
[White "Pragmatist237"]
[Black "Orest_Vovk"]
[Result "0-1"]
[WhiteElo "2172"]
[BlackElo "2582"]
[TimeControl "180+1"]
[EndTime "8:08:37 PDT"]
[Termination "Orest_Vovk won by checkmate"]

1. e4 Nc6 2. d4 e5 3. d5 Nce7 4. c4 Ng6 5. Nc3 Bc5 6. Bd3 Nf6 7. Nge2 Ng4 8. Be3 Bxe3 9. fxe3 Nxe3 10. Qd2 Nxg2+ 11. Kd1 d6 12. Kc2 N2f4 13. Nxf4 Nxf4 14. Ne2 Nxe2 15. Qxe2 Bd7 16. Rhg1 O-O 17. Qh5 g6 18. Qh6 Qf6 19. Raf1 Qg7 20. Qh4 f6 21. Qg3 Rf7 22. h4 Raf8 23. h5 g5 24. Qh2 h6 25. Qf2 Qh7 26. Qxa7 f5 27. exf5 Bxf5 28. Bxf5 Rxf5 29. Rxf5 Qxf5+ 30. Kb3 Qf3+ 31. Kb4 Qf2 32. Qxf2 Rxf2 33.
Rb1 g4 34. c5 g3 35. cxd6 cxd6 36. Rg1 g2 37. b3 Rxa2 38. Kb5 Rb2 39. Kb6 Rxb3+ 40. Kc7 Rg3 41. Kxd6 e4 42. Ke7 e3 43. d6 e2 44. d7 Rg7+ 45. Ke8 Rxd7 46. Kxd7 Kf7 47. Kd6 Kf6 48. Kd5 Kf5 49. Kd4 Kf4 50.
Kd3 Kf3 51. Kd2 Kf2 52. Rxg2+ Kxg2 53. Kxe2 Kg3 54. Ke3 Kg4 55. Ke4 Kxh5 56. Kd5 Kg4 57. Kc5 h5 58. Kb6 Kg3 59. Kxb7 Kg2 60. Kc6 h4 61.
Kd5 h3 62. Ke4 h2 63. Kf5 h1=Q 64. Ke5 Qh4 65. Kf5 Kf3 66. Ke6 Qg5 67. Kd6 Ke4 68. Kd7 Qf6 69. Kc7 Kd5 70. Kc8 Qe7 71. Kb8 Kc6 72. Ka8 Qb7# 0-1

[Event "Early-Titled-Tuesday-Blitz-April-02-2024"]
[Site "Chess.com"]
[Date "2024.04.02"]
[Round "1"]
[White "BardArtem"]
[Black "Practical-Play"]
[Result "1-0"]
[WhiteElo "2843"]
[BlackElo "2493"]
[TimeControl "180+1"]
[EndTime "8:08:45 PDT"]
[Termination "BardArtem won by resignation"]

1. e4 c6 2. Nf3 d5 3. exd5 cxd5 4. Ne5 Nd7 5. d4 Nxe5 6. dxe5 e6 7. Nd2 Bc5 8. Bd3 Ne7 9. O-O Ng6 10. Nf3 Qc7 11.
Qe2 Bd7 12. c3 a6 13. a4 O-O 14. Be3 f5 15. exf6 Rxf6 16. Bxc5 Qxc5 17. Bxg6 hxg6 18. Ne5 Qc7 19. Rfe1 Raf8 20. f3 Bc8 21. Qe3 a5 22. Rad1 b6 23. Rd4 Bd7 24. Rg4 Be8 25. h4 Qc5 26.
Kh1 Qc7 27. Nd3 Qd6 28. Qd4 Bd7 29. Re5 Be8 30. Reg5 Rf5 31. h5 Rxg5 32. Rxg5 Rf5 33. Rxf5 gxf5 34. Nf4 Bf7 35. Qe3 e5 36. Nd3 e4 37.
Nf4 Qc5 38. Qd4 Qd6 39. g3 exf3 40. Kg1 Qe7 41. Kf2 Qe4 42. Qxb6 Qc2+ 43. Kxf3 Qxa4 44. Qd8+ Kh7 45. Qg5 Qe4+ 46. Kf2 Qc2+ 47. Ne2 Qe4 48. Qf4 a4 49. Qxe4 fxe4 50. Nf4 Kh6 51. g4 Kg5 52. Kg3 Bg8 53. Nh3+ Kf6 54. Kf4 g6 55. hxg6 Kxg6 56. Nf2 Bf7 57. Nd1 Kf6 58. Ne3 Ke7 59. Ke5 Kd7 60. g5 Ke7 61. Nf5+ Kd7 62. Kf6 Be6 63. Ne3 Kd6 64. g6 Bg8 65. Nf5+ Kd7 66. g7 Be6 67. Ne3 Bf7 68. Ke5 Bg8 69. Nxd5 Kc6 70. Ne7+ Kc5 71. Nxg8 e3 72. Nf6 e2 73. Ne4+ Kc4 74. g8=Q+ 1-0

[Event "Early-Titled-Tuesday-Blitz-April-02-2024"]
[Site "Chess.com"]
[Date "2024.04.02"]
[Round "1"]
[White "MatthewG-p4p"]
[Black "colegiodemadrid"]
[Result "1-0"]
[WhiteElo "2896"]
[BlackElo "2509"]
[TimeControl "180+1"]
[EndTime "8:08:47 PDT"]
[Termination "MatthewG-p4p won by resignation"]

1. e4 e5 2. Nf3 Nf6 3. d4 Nxe4 4.
Bd3 d5 5. Nxe5 Bd6 6. O-O O-O 7. Nc3 Nxc3 8. bxc3 Nd7 9. Nxd7 Qxd7 10. Qh5 g6 11. Qh6 Re8 12. Bf4 Bxf4 13. Qxf4 Qd6 14. Qxd6 cxd6 15.
Rab1 Re7 16. Rb5 Be6 17. Re1 Rc7 18. Re3 b6 19. Rb3 Rac8 20. Be2 h5 21. f3 Kg7 22. Kf2 Kf6 23. h4 Bf5 24. Bd1 Rc4 25. Ke1 Ra4 26.
a3 Rac4 27. Kd2 Bd7 28. Be2 R4c7 29. Ba6 Re8 30. Rxe8 Bxe8 31. Rb1 Kf5 32. Re1 Ba4 33. g3 Kf6 34. g4 Bc6 35. gxh5 gxh5 36. Rg1 b5 37.
Rg5 Re7 38. Rxh5 Re8 39. Rh6+ Ke7 40. Rh7 Rb8 41. h5 Bd7 42. h6 Kf6 43. Rg7 Rh8 44. Bb7 Rxh6 45. Rg8 Rh2+ 46. Kd1 Bf5 47. Bxd5 Bxc2+ 48.
Ke1 Bd3 49. Rd8 Ke7 50. Ra8 f5 51. Rxa7+ Kf6 52. Rd7 Re2+ 53. Kd1 Rc2 54. Rxd6+ Kg5 55. Rc6 Kf4 56. Bb3 Rb2 57. Bf7 Kxf3 58. d5 f4 59. Re6 Bc4 60. Bh5+ Kg3 61. Re5 f3 62. Rg5+ Kf4 63.
Rg8 f2 64. Rf8+ Kg3 65. d6 f1=Q+ 66. Rxf1 Rb1+ 67. Kd2 Rxf1 68. d7 Rf8 69. Be8 Rf5 70. d8=Q Rd5+ 71. Qxd5 Bxd5 72. Ke3 Bc4 73. Kd4 Kf3 74.
Kc5 Ke3 75. Bxb5 Be6 76. Kd6 Kd2 77. c4 Kc3 78. Kxe6 Kb3 79. c5 1-0

[Event "Early-Titled-Tuesday-Blitz-April-02-2024"]
[Site "Chess.com"]
[Date "2024.04.02"]
[Round "1"]
[White "ladytitan"]
[Black "Lovetov"]
[Result "1/2-1/2"]
[WhiteElo "2202"]
[BlackElo "2546"]
[TimeControl "180+1"]
[EndTime "8:08:48 PDT"]
[Termination "Game drawn - insufficient material"]

1. d4 Nf6 2. c4 g6 3. Nc3 d5 4. cxd5 Nxd5 5. e4 Nxc3 6. bxc3 Bg7 7. Nf3 c5 8. Be3 Nc6 9. Be2 cxd4 10. cxd4 Qa5+ 11.
Qd2 Qxd2+ 12. Kxd2 O-O 13. Rhc1 Rd8 14. Rc4 Be6 15. Ra4 Bg4 16. Rb1 Bxf3 17. Bxf3 Nxd4 18. Bxd4 Bxd4 19. Rxb7 Bxf2+ 20. Ke2 Bc5 21. Rc4 Rac8 22. e5 Kf8 23. Bg4 e6 24. Rf4 f5 25.
exf6 Rd4 26. Rxd4 Bxd4 27. Bxe6 Re8 28. Rf7+ Kg8 29. Rg7+ Kh8 30. Re7 Rf8 31. f7 Kg7 32. Re8 Bc5 33. Kd3 Kf6 34. Kc4 Bg1 35.
Kd5 Kg7 36. Kc6 Bxh2 37. Kd7 Bg1 38. Ke7 Bc5+ 39. Kd7 h5 40. Bd5 g5 41. Ke6 Ba3 42.
Kf5 Bc1 43. Bb3 Bd2 44. Ke4 Bc1 45. Kf5 Bf4 46. Ke6 Bc1 47. Ke7 Ba3+ 48. Ke6 h4 49.
Kd7 Bc1 50. Ke6 g4 51. Kf5 h3 52. gxh3 gxh3 53. Bd5 h2 54. Kg4 Rxf7 55. Re1 Rf2 56. Rxc1 Rd2 57. Be4 Rxa2 58. Bf3 Kf6 59. Rh1 a5 60. Kg3 Kg5 61. Bg2 a4 62. Rxh2 Ra3+ 63.
Kf2 Ra2+ 64. Kg1 Kf4 65. Rh4+ Kg3 66. Rb4 Ra1+ 67. Bf1 a3 68. Rb3+ Kf4 69. Rb4+ Ke3 70. Rb3+ Kd4 71. Kf2 a2 72. Ra3 Kc5 73. Ra8 Kb4 74.
Ke2 Kc3 75. Bg2 Kb2 76. Bd5 Kb1 77. Bxa2+ Rxa2+ 78. Rxa2 Kxa2 1/2-1/2

[Event "Early-Titled-Tuesday-Blitz-April-02-2024"]
[Site "Chess.com"]
[Date "2024.04.02"]
[Round "1"]
[White "Mariia89"]
[Black "PositionalPanther"]
[Result "1-0"]
[WhiteElo "2281"]
[BlackElo "2594"]
[TimeControl "180+1"]
[EndTime "8:08:49 PDT"]
[Termination "Mariia89 won on time"]

1. d4 f5 2. g3 Nf6 3. Bg2 g6 4. c4 Bg7 5. Nc3 O-O 6. Nf3 d6 7.
O-O c6 8. h3 Qe8 9. Re1 h6 10.
e4 fxe4 11. Nxe4 Nxe4 12. Rxe4 Bf5 13. Re1 Qf7 14. g4 Be6 15. b3 a5 16. Bb2 Bd7 17.
Qe2 e6 18. Rad1 a4 19. Qc2 axb3 20. axb3 c5 21. Bc3 Bc6 22. d5 exd5 23. Bxg7 Qxg7 24. cxd5 Bb5 25. Re6 Rf6 26. Rde1 Bd7 27. Re7 Rf7 28. Rxf7 Qxf7 29. Nh4 Kg7 30. Be4 g5 31.
Ng6 Qf6 32. Kg2 Ra1 33. Re2 Na6 34. Bf5 Nb4 35. Qe4 Bxf5 36. gxf5 Ra8 37. Qe7+ Qxe7 38. Rxe7+ Kf6 39. Rxb7 Kxf5 40. Ne7+ Ke4 41. Rd7 Ra6 42. f3+ Kf4 43. Ng6+ Kf5 44. Ne7+ Kf4 45. Ng6+ Ke3 46. Re7+ Kd3 47. Re6 Nxd5 48. Kg3 Ne3 49. Ne7 Kc3 50. Rxh6 Rb6 51. Rg6 Rxb3 52. Rxg5 Kd4 53. h4 c4 54.
h5 c3 55. h6 c2 56. h7 c1=Q 57. h8=Q+ Kd3 58. Qh7+ Ke2 59. Rh5 Qg1+ 60. Kf4 Rb4+ 61. Qe4 1-0

[Event "Early-Titled-Tuesday-Blitz-April-02-2024"]
[Site "Chess.com"]
[Date "2024.04.02"]
[Round "1"]
[White "CSB7"]
[Black "novocane"]
[Result "1-0"]
[WhiteElo "2768"]
[BlackElo "2445"]
[TimeControl "180+1"]
[EndTime "8:08:50 PDT"]
[Termination "CSB7 won by resignation"]

1. d4 Nf6 2. c4 e6 3. g3 d5 4. Bg2 dxc4 5. Qa4+ Nbd7 6. Qxc4 a6 7.
Be3 b5 8. Qc1 Rb8 9. Nd2 Bb7 10.
Bxb7 Rxb7 11. Nb3 Nd5 12. Nf3 Nxe3 13. Qxe3 Bb4+ 14. Kf1 O-O 15. a3 Bd6 16. Kg2 Nf6 17. Rac1 Rb6 18. Rhd1 Qa8 19. Kg1 a5 20. Nc5 a4 21.
Ne5 Bxc5 22. Rxc5 b4 23. Rdc1 bxa3 24. Qxa3 Rb3 25. Qa1 Nd5 26. R5c4 a3 27. bxa3 Rxa3 28. Qb1 Rb8 29. Qc2 h6 30. Qe4 Ra1 31. e3 Rxc1+ 32. Rxc1 Qa3 33. Rf1 f6 34. Nc6 Re8 35. Qc2 Qd6 36.
Rc1 Kh8 37. Na5 e5 38. Nc4 Qe6 39. dxe5 fxe5 40. Nd2 e4 41. Qc6 Qe5 42. Nc4 Qe6 43. Qxe6 Rxe6 44. Nd2 Re7 45. Rc5 Nb4 46. Rc4 Nd3 47.
Nxe4 Re8 48. Rd4 Ne5 49. Nc5 Nf3+ 50. Kg2 Nxd4 51. exd4 Rd8 52. Nb3 Rb8 53. Nc5 Rb4 54. Ne6 Rc4 55. Kf3 c6 56. Ke3 Kg8 57. Kd3 Ra4 58. Nd8 Ra6 59. h4 h5 60. Ke4 Ra2 61.
Ke3 Ra6 62. Ke4 Kf8 63. Ne6+ Kf7 64. Nf4 g6 65. f3 Ra4 66. Nd3 Rc4 67. Ne5+ 1-0

[Event "Early-Titled-Tuesday-Blitz-April-02-2024"]
[Site "Chess.com"]
[Date "2024.04.02"]
[Round "1"]
[White "Darkdefense15"]
[Black "sebsep"]
[Result "1-0"]
[WhiteElo "2314"]
[BlackElo "2604"]
[TimeControl "180+1"]
[EndTime "8:09:01 PDT"]
[Termination "Darkdefense15 won by resignation"]

1. d4 Nf6 2. Bf4 g6 3. Nc3 d5 4. e3 Bg7 5. h4 h5 6. Nf3 O-O 7. Nb5 Na6 8. Qd2 Ne4 9. Qd1 c6 10. Nc3 Nxc3 11. bxc3 b5 12. Bd3 Nc7 13. a4 a6 14. O-O Bg4 15. e4 dxe4 16. Bxc7 Qxc7 17. Bxe4 Rac8 18. axb5 axb5 19. Qe2 Bf6 20. Ra6 Qb7 21.
Rfa1 Bxh4 22. Qd3 Bf6 23. Ra7 Qb8 24. Bxg6 Qf4 25. Be4 c5 26. Nh2 c4 27. Qe3 Qxe3 28.
fxe3 Be6 29. Rb1 Rb8 30. Ra5 Bg5 31. Kf2 Bd7 32. Nf3 Bf6 33. Ra7 Rfd8 34. Rh1 Bg4 35. Rb1 Rd6 36. Nd2 Rdb6 37. Ra8 Kg7 38. Rxb8 Rxb8 39.
Nxc4 Rc8 40. Nd2 Rxc3 41. Rxb5 Bg5 42. Nf1 f5 43. Bxf5 Bxf5 44. Rxf5 Rxc2+ 45. Kf3 Kg6 46. Re5 Bf6 47. Re4 h4 48. Nh2 Rc1 49. Ng4 Bg5 50.
Re5 Rf1+ 51. Nf2 Ra1 52. Nh3 Bf6 53. Re4 Rf1+ 54. Ke2 Ra1 55. Rg4+ Kf5 56. Rg8 Ra2+ 57.
Kf3 Ra1 58. e4+ Ke6 59. Rg4 Bxd4 60. Rxh4 Ra3+ 61. Kg4 Be5 62. Rh6+ Kd7 63. Kf5 Bc7 64. Nf4 Ra5+ 65. Kg4 Re5 66. Nd5 Rxe4+ 67. Kf3 Rd4 68. Nxc7 Kxc7 69. Re6 Kd7 70. Re3 Ra4 71. g4 Ke8 72. Re4 Ra3+ 73. Kf4 Kf7 74. Re2 Ra4+ 75. Re4 Ra1 76. Re2 Kf6 77. Re3 Ra4+ 78. Re4 Ra1 79. g5+ Kf7 80. Kf5 Ra5+ 81. Kg4 e6 82. g6+ Kf6 83. Kh4 Ra7 84. Kh5 Ra5+ 85. Kh6 Ra1 86. Rh4 Ra7 87. Rf4+ Ke5 88. Rg4 Ra1 89. g7 Rh1+ 90.
Kg6 1-0

[Event "Early-Titled-Tuesday-Blitz-April-02-2024"]
[Site "Chess.com"]
[Date "2024.04.02"]
[Round "1"]
[White "B_nn_t"]
[Black "NovoselovRoman"]
[Result "0-1"]
[WhiteElo "2227"]
[BlackElo "2602"]
[TimeControl "180+1"]
[EndTime "8:09:02 PDT"]
[Termination "NovoselovRoman won by resignation"]

1. e4 e6 2. d4 d5 3. Nc3 dxe4 4. Nxe4 Nd7 5. Bd3 Ngf6 6. Qe2 Nxe4 7. Bxe4 c5 8. dxc5 Bxc5 9. Nf3 O-O 10. O-O Qc7 11.
c3 Nf6 12. Bc2 h6 13. Be3 b6 14.
Bxc5 Qxc5 15. Qe5 Qc4 16. Nd2 Qg4 17. h3 Qh4 18. Ne4 Nd5 19. Nd6 Ba6 20. Rfd1 Rad8 21. Nf5 Qg5 22. h4 Qf6 23. Qxf6 Nxf6 24. Ne7+ Kh8 25. Nc6 Rxd1+ 26. Rxd1 Bb7 27. Nxa7 g6 28. Nb5 Bd5 29. a3 Kg7 30. Nd4 Rc8 31. Bd3 h5 32.
Re1 Ng4 33. f3 Nf6 34. Kf2 Nd7 35. Be4 Bc4 36. b3 Ba6 37. c4 Nc5 38. Bc2 Kf6 39. g3 e5 40. Ne2 Bb7 41. Nc3 Ne6 42. Ne4+ Bxe4 43. Bxe4 Nd4 44. b4 Rxc4 45. Ke3 Rc3+ 46. Bd3 Rxa3 47. Ke4 Ke6 48. Rc1 f5+ 49. Ke3 Kd6 50. f4 Nc6 51. b5 exf4+ 52. Kxf4 Ne7 53. Rd1 Nd5+ 54. Kg5 Ke5 55. Bc4 Ne3 56. Re1 Kd4 57.
Bf7 Nc2 58. Re6 Rxg3+ 59. Kf6 f4 60. Bxg6 Ne3 61. Bxh5 f3 62. Bxf3 Rxf3+ 63. Ke7 Rh3 64. Kd7 Nd5 65. Rd6 Kc5 66. Rh6 Nc3 67. h5 Nxb5 68. Rh8 Nd4 69. h6 b5 70. h7 Kb4 71.
Kd6 Nb3 72. Kd5 Nd2 73. Kd4 Kb3 74. Ke5 b4 75. Rd8 Nf3+ 76. Ke4 Ng5+ 77. Kd4 Nxh7 78. Rh8 Rh4+ 79. Kd3 Kb2 80. Kd2 b3 81. Kd1 Kb1 82. Kd2 b2 83. Ra8 Nf6 84. Kc3 Nd5+ 85. Kb3 Rh3+ 0-1

[Event "Early-Titled-Tuesday-Blitz-April-02-2024"]
[Site "Chess.com"]
[Date "2024.04.02"]
[Round "1"]
[White "nekotyanof"]
[Black "MIss_MIaMI"]
[Result "1-0"]
[WhiteElo "2678"]
[BlackElo "2379"]
[TimeControl "180+1"]
[EndTime "8:09:03 PDT"]
[Termination "nekotyanof won by checkmate"]

1. e4 c5 2. Nf3 e6 3. Nc3 a6 4. d4 cxd4 5. Nxd4 Qc7 6. g3 Bb4 7. Bd2 Nf6 8. Bg2 O-O 9. O-O Be7 10. Bf4 d6 11. Nb3 Nc6 12. Qd2 Rd8 13. a4 e5 14. Bg5 Be6 15. Nd5 Bxd5 16. exd5 Nb8 17. Ra3 Nbd7 18. Rc1 h6 19. Be3 b6 20.
h3 Nc5 21. Nxc5 bxc5 22. c4 Rdb8 23. g4 Nh7 24. Be4 Ng5 25. Bg2 e4 26. Bf4 Qd7 27. Kh2 Rb4 28. Qe2 Rab8 29. Rc2 Bf6 30. Bxe4 Nxe4 31. Qxe4 Rxb2 32. Rxb2 Rxb2 33. Rf3 Qe7 34.
Qf5 a5 35. Kg2 Rb8 36. Bxh6 Bd4 37. Bg5 f6 38. Bh4 Re8 39. Bg3 Be5 40. Re3 Qf7 41. Bxe5 dxe5 42. Qb1 Qc7 43. Qb5 Rb8 44. Qa6 Rb4 45.
Qe6+ Kh7 46. g5 Rxc4 47. gxf6 gxf6 48. Rg3 Rf4 49. Qg8+ Kh6 50. Qh8+ Qh7 51. Qf8+ Kh5 52. Qe8+ Kh6 53. Qf8+ Kh5 54. Re3 Qg6+ 55. Kf1 Qf5 56. Qh8+ Kg6 57. Rg3+ Qg5 58. Rxg5+ Kxg5 59. d6 Rd4 60.
Qg7+ Kf5 61. d7 c4 62. Qg4+ Rxg4 63. hxg4+ Kxg4 64. d8=Q f5 65. Qc8 e4 66. Qxc4 Kf4 67. Ke2 Ke5 68. Qc5+ Kf4 69. Qxa5 Kg4 70. Qc7 f4 71.
Qg7+ Kf5 72. Qh7+ Ke5 73. a5 Kd4 74. a6 f3+ 75. Kd2 Ke5 76. a7 Kf4 77. a8=Q e3+ 78. fxe3+ Kg3 79. Qag8+ Kf2 80. Qh2+ Kf1 81. Qgg1# 1-0

[Event "Early-Titled-Tuesday-Blitz-April-02-2024"]
[Site "Chess.com"]
[Date "2024.04.02"]
[Round "1"]
[White "Lennis93"]
[Black "flawian2008"]
[Result "0-1"]
[WhiteElo "2733"]
[BlackElo "2461"]
[TimeControl "180+1"]
[EndTime "8:09:07 PDT"]
[Termination "flawian2008 won on time"]

1. d4 Nf6 2. Nf3 e6 3. Bg5 d5 4. Nbd2 Be7 5. c3 O-O 6. e3 c5 7.
Bd3 Nc6 8. O-O h6 9. Bh4 a5 10. Qe2 a4 11. a3 cxd4 12. exd4 Qb6 13. Rab1 Qc7 14. Rfe1 Bd7 15. Ne5 Rab8 16. Bc2 Be8 17. Qd3 g6 18. Qh3 Kg7 19. Ndf3 b5 20. Re2 Nh5 21. Bg3 Nxg3 22. hxg3 h5 23. Rbe1 Na5 24. g4 hxg4 25. Qxg4 f5 26. Qg3 Rb7 27. Ng5 Bxg5 28. Qxg5 Rh8 29. Nf3 Rh5 30. Qc1 Bf7 31. Bd3 Rb8 32. g3 Nc4 33. Kg2 Qe7 34. Rh1 Rxh1 35. Qxh1 Rh8 36. Qc1 Rh5 37. Qf4 Nd6 38. Qe5+ Kf8 39.
Nh4 Ne4 40. Bxe4 fxe4 41. Qb8+ Kg7 42. Qxb5 g5 43. Qxd5 exd5 44. Nf5+ Kf6 45. Nxe7 Kxe7 46. b3 axb3 47. Rb2 Rh6 48. Rxb3 Ra6 49. Kh3 Be6+ 50.
Kg2 Kd6 51. f3 exf3+ 52. Kxf3 Bf5 53. Ke3 Be4 54. c4 dxc4 55. Rc3 Bd5 56. Kf2 g4 57. Ke3 Rb6 58. Kf4 Rb3 59. Rc1 Be6 60. d5 Kxd5 61.
Rd1+ Kc5 62. Ke5 Bg8 63. Rd8 Bh7 64. Rd7 Bd3 65. Rc7+ Kb6 66. Rc8 Rxa3 67. Kf4 Be2 68. Rb8+ Kc5 69. Rc8+ Kd4 70. Rd8+ Kc3 71. Re8 Bf3 72. Ke3 Kc2+ 73. Kd4 c3 74. Ra8 Kd2 75. Rxa3 c2 76. Ra2 Kd1 77. Kd3 c1=Q 78. Rh2 Qc6 79.
Rf2 Qd6+ 80. Ke3 Qxg3 0-1

[Event "Early-Titled-Tuesday-Blitz-April-02-2024"]
[Site "Chess.com"]
[Date "2024.04.02"]
[Round "1"]
[White "wild3000"]
[Black "stolencandy13"]
[Result "1-0"]
[WhiteElo "2374"]
[BlackElo "2641"]
[TimeControl "180+1"]
[EndTime "8:09:07 PDT"]
[Termination "wild3000 won by checkmate"]

1. d4 Nf6 2. Nf3 d5 3. g3 Bf5 4. Bg2 e6 5. O-O Be7 6. b3 O-O 7. Bb2 c5 8. Nbd2 Nc6 9. dxc5 Bxc5 10. Nh4 Bg4 11. h3 Bh5 12. g4 Bg6 13. Nxg6 hxg6 14. e3 Rc8 15. c4 d4 16. exd4 Bxd4 17. Bxd4 Qxd4 18. Nf3 Qf4 19. Qc1 Qc7 20. Qe3 b6 21. Rad1 Rfd8 22. Rfe1 Rd7 23. Rxd7 Qxd7 24. Ne5 Nxe5 25.
Qxe5 Rd8 26. Bf3 Qe7 27. Qe3 Qa3 28. Re2 Qd6 29. Kg2 Qd4 30. Qxd4 Rxd4 31. Rc2 Nd7 32. b4 g5 33. c5 bxc5 34. bxc5 Nb6 35. cxb6 axb6 36. Rb2 Rd6 37. Rb5 f6 38. Rb2 Kf7 39. a4 Ke7 40. Be2 Kd7 41. Bb5+ Kc7 42. Kf3 Rd4 43. Ke3 Rf4 44. f3 e5 45. Rd2 Rb4 46.
Rd7+ Kc8 47. Rxg7 Rb1 48. Rf7 Re1+ 49. Kf2 Rh1 50. Kg2 Re1 51. Rxf6 e4 52. fxe4 Rxe4 53.
Rxb6 Kc7 54. Rg6 Re2+ 55. Kf3 Rb2 56. Rxg5 Kd6 57. h4 Ke6 58. Rf5 Rb3+ 59. Kf4 Rb1 60.
Kg5 Ke7 61. h5 Rh1 62. h6 Ke6 63. Kg6 Ke7 64. Rf7+ Ke6 65. g5 Ke5 66. h7 Ke6 67. Rf6+ Ke7 68. Kg7 Rh2 69. Rf7+ Ke6 70. g6 Rh3 71.
h8=Q Rxh8 72. Kxh8 Kd6 73. Kg7 Kc5 74. Rf5+ Kb6 75.
Kf6 Ka5 76. g7 Kb6 77. g8=Q Ka5 78. Qd8+ Kb4 79. Qd2+ Ka3 80. Rf3# 1-0

[Event "Early-Titled-Tuesday-Blitz-April-02-2024"]
[Site "Chess.com"]
[Date "2024.04.02"]
[Round "1"]
[White "GMKrikor"]
[Black "LeoLV10"]
[Result "1-0"]
[WhiteElo "2914"]
[BlackElo "2520"]
[TimeControl "180+1"]
[EndTime "8:09:09 PDT"]
[Termination "GMKrikor won by resignation"]

1. Nf3 Nf6 2. c4 c5 3. Nc3 Nc6 4. d4 cxd4 5. Nxd4 g6 6. e4 Bg7 7.
Be3 O-O 8. Be2 d6 9. O-O Bd7 10.
Nc2 Rc8 11. Rc1 a6 12. Kh1 h5 13. h3 Ne5 14. b3 Qa5 15. Bd2 Qb6 16. f4 Nc6 17. Qe1 Qc7 18. Bf3 Rfe8 19. Qe2 e5 20.
f5 Nd4 21. Qd3 Nxf3 22. Qxf3 b5 23. Bg5 Rf8 24. Bxf6 Bxf6 25. Nd5 Qd8 26. fxg6 fxg6 27. Nxf6+ Kg7 28. Nxh5+ gxh5 29. Qxh5 Qe7 30. Ne3 Rxf1+ 31. Rxf1 Rf8 32. Nf5+ Bxf5 33. Rxf5 Rxf5 34. Qxf5 bxc4 35. bxc4 Qc7 36. Qe6 Qc5 37. Qg4+ Kf7 38. Qe2 a5 39. Kh2 a4 40. h4 a3 41. Kh3 Qd4 42. Qf3+ Ke6 43.
Qxa3 Qxe4 44. Qf3 Qc2 45. Qd5+ Ke7 46. c5 Qf5+ 47. Kh2 Qf4+ 48. Kg1 Qc1+ 49. Kf2 Qf4+ 50. Ke2 Qg4+ 51. Kd2 Qb4+ 52. Kc2 Qa4+ 53. Kb2 Qb4+ 54. Kc2 Qa4+ 55. Kc3 Qa3+ 56. Kd2 Qb4+ 57. Ke3 Qf4+ 58. Kd3 Qf1+ 59. Kc3 Qc1+ 60. Kb3 Qb1+ 61. Ka3 Qc1+ 62.
Kb4 Qb2+ 63. Ka4 Qc2+ 64. Kb5 Qb2+ 65. Kc6 dxc5 66. Qxc5+ Kf6 67. a4 Qxg2+ 68. Qd5 Qg4 69. a5 Qa4+ 70. Qb5 Qe4+ 71. Kb6 Qxh4 72. a6 Qd4+ 73. Qc5 Qb2+ 74. Kc7 e4 75. a7 Qa1 76.
Qc6+ Kf5 77. a8=Q Qxa8 78. Qxa8 Kf4 79. Qf8+ Ke3 80. Qc5+ Ke2 81. Qc4+ Kf3 82. Qd5 Ke3 83. Qd1 Kf4 84. Qe2 e3 85. Kc6 1-0